cohdb
Replays
Latest Replays
All Replays
Popular Replays
Top Player Replays
Match Explorer
How It Works
Community
CoH3 Stats
Reddit
Sign in to upload your games and track your stats! →
Sign in with Steam
Match 47358547
Unlisted
Match 47358547
Overview
Messages
Build Orders
End
Engineer Squad
Construct Barracks
Selects Armored Battlegroup
Selects Veteran Crews
1⁄4-ton 4x4 Truck
Riflemen Squad
Riflemen Squad
Riflemen Squad
Construct Medical Station
Infantry Support Center
Construct Motor Pool
M8 Greyhound Armored Car
M1918 Browning Automatic Rifles
Grenade Package
Selects M31 Recovery Vehicle
Selects War Machine
M1 Anti-tank Gun Team
Construct Tank Depot
odung
KMS Prinz Eugen
0
0
Comments
sign in to comment!
No comments posted yet!